 Dungeon Crawl Stone Soup version 0.24.1-14-gf8d2b509d9 (webtiles) character file.

Game seed: 10998123635218928382, levelgen mode: deterministic

13 Gildeon the Insei (level 2, -2/18 HPs)
             Began as an Octopode Transmuter on May 29, 2020.
             Slain by a goblin
             ... wielding a +0 club
              (3 damage)
             ... on level 1 of the Dungeon.
             The game lasted 00:01:48 (489 turns).

Gildeon the Insei (Octopode Transmuter)              Turns: 489, Time: 00:01:49

Health: -2/18      AC:  1    Str:  9    XL:     2   Next: 37%
Magic:  4/5        EV: 13    Int: 15    God:
Gold:   20         SH:  0    Dex: 12    Spells: 2/5 levels left

rFire    . . .     SeeInvis .     - Unarmed
rCold    . . .     Gourm    .   (no shield)
rNeg     . . .     Faith    .   (helmet restricted)
rPois    .         Spirit   .   (no amulet)
rElec    .         Reflect  .   (no ring)
rCorr    .         Harm     .   (no ring)
MR       .....                  (no ring)
Stlth    +++.......             (no ring)
HPRegen  0.06/turn              (no ring)
MPRegen  0.09/turn              (no ring)
                                (no ring)
                                (no ring)

@: appendage
A: almost no armour, stealthy swim, amphibious, 8 rings, constrict 8, tentacle
spike 3, camouflage 1, gelatinous body 1
a: End Transformation


You were on level 1 of the Dungeon.
You were not hungry.
One of your tentacles had a temporary spike.
You visited 1 branch of the dungeon, and saw 1 of its levels.

You collected 20 gold pieces.

Inventory:

Missiles
 a - 29 arrows
Scrolls
 d - a scroll of magic mapping {unknown}
Potions
 b - a potion of berserk rage {unknown}
 e - a potion of heal wounds {unknown}
 f - a potion of cancellation {unknown}
Comestibles
 c - a ration
 g - a chunk of flesh


   Skills:
 - Level 1.0 Fighting
 - Level 2.0 Dodging
 + Level 1.4 Stealth
 + Level 3.2 Unarmed Combat
 + Level 2.2 Spellcasting
 - Level 2.0 Transmutations


You had 2 spell levels left.
You knew the following spells:

 Your Spells              Type           Power        Failure   Level  Hunger
a - Beastly Appendage     Tmut           #.....       10%         1    #......
b - Sticks to Snakes      Tmut           #.......     14%         2    ###....

Your spell library contained the following spells:

 Spells                   Type           Power        Failure   Level  Hunger
 Spider Form              Tmut/Pois      #.........   41%         3    ###....
 Ice Form                 Ice/Tmut       #.......     82%         4    #####..
 Blade Hands              Tmut           #.........   95%         5    ######.


Dungeon Overview and Level Annotations

Branches:
Dungeon (1/15)

Altars:


Innate Abilities, Weirdness & Mutations

You cannot wear most types of armour.
You are very stealthy in the water. (Stealth+)
You are amphibious.
You can wear up to eight rings at the same time.
You can use your tentacles to constrict eight enemies at once.
Your skin changes colour to match your surroundings (Stealth+).
Your rubbery body absorbs attacks. (AC +1, EV +1)
One of your tentacles bears a large vicious spike.


Message History

A leopard gecko comes into view.
Casting: Beastly Appendage (safe; 10% risk of failure)
Confirm with . or Enter, or press ? or * to list all spells.
One of your tentacles grows a vicious spike.
You barely miss the kobold. Your grab misses the kobold.
Your squeeze misses the kobold.
The kobold hits you with a +2 dagger of protection.
You tentacle-slap the kobold but do no damage.
Your grab misses the kobold. The kobold hits you but does no damage.
You tentacle-slap the kobold but do no damage.
Your grab misses the kobold.
Your tentacle spike misses the kobold.
You squeeze the kobold, but do no damage.
The kobold hits you with a +2 dagger of protection.
* * * LOW HITPOINT WARNING * * *
The goblin barely misses you.
You barely miss the kobold. Your grab misses the kobold.
The leopard gecko bites you.
* * * LOW HITPOINT WARNING * * *
The kobold closely misses you. The goblin hits you with a +0 club.
You die...

###### #. #. #...#
#....# #. .###..
#.###....##### . ...
.............. #....
##.....##### #
#.#.######.....#####
... .......#.....#.....
##..##.###.#.###.#.####
#....K@..รท.....#.#.#
#.#..lg....#.#.#.#.####
#.#.#..).#.#.#.#..#..
#...#....#.# #.##.#..
#.#.#....#.# #.# .#..
..........#.# #.# .#..
### ..#....#.. #.# #..
#..#.#..### #.# #.. #.
#..... #..


You could see a leopard gecko, a goblin and a kobold.

Vanquished Creatures
  A leopard gecko (D:1)
  A ball python (D:1)
  A giant cockroach (D:1)
  A goblin (D:1)
  A hobgoblin (D:1)
  3 bats (D:1)
  3 kobolds (D:1)
11 creatures vanquished.

Notes
Turn   | Place    | Note
-------+----------+-------------------------------------------
     0 | D:1      | Gildeon the Octopode Transmuter began the quest for the
                  | Orb.
     0 | D:1      | Reached XP level 1. HP: 13/13 MP: 3/3
   287 | D:1      | Reached skill level 1 in Stealth
   291 | D:1      | Reached XP level 2. HP: 13/18 MP: 3/5
   299 | D:1      | Learned a level 2 spell: Sticks to Snakes
   489 | D:1      | Slain by a goblin

Levels and vault maps discovered:
D:1:      dpeg_arrival_water_temple_mockup, layout_basic

Skill      XL: |  1 |
---------------+----+-----
Stealth        | 1 |  1.4
Fighting       | |  1.0
Dodging        | |  2.0
Unarmed Combat | |  3.2
Spellcasting   | |  2.2
Transmutations | |  2.0

Action                   || total
-------------------------++-------
Melee: Unarmed           ||    25
       Constrict         ||     6
       Tentacles         ||     2
       Kick              ||     1
 Cast: Beastly Appendage ||     5
 Stab: Sleeping          ||     2
Armor: Skin              ||    11
Dodge: Dodged            ||    12
